 Dungeon Crawl Stone Soup version 0.28.0-53-g5a82cb258f (webtiles) character file.

Game seed: 6011491180238217202

1827 mortz the Destroyer (level 8, -6/43 HPs)
             Began as a Deep Elf Conjurer on July 3, 2022.
             Was an Initiate of Vehumet.
             Mangled by Pikel
             ... wielding a +2 whip of flaming
              (7 damage)
             ... on level 6 of the Dungeon.
             The game lasted 00:31:10 (6627 turns).

mortz the Destroyer (Deep Elf Conjurer)             Turns: 6627, Time: 00:31:11

Health: -6/43      AC:  7    Str:  4    XL:     8   Next: 86%
Magic:  7/29       EV: 11    Int: 26    God:    Vehumet [......]
Gold:   334        SH:  0    Dex: 13    Spells: 10/21 levels left

rFire   . . .      SeeInvis .   u - +2 short sword (venom) {short}
rCold   . . .      Faith    .   (no shield)
rNeg    . . .      Spirit   .   q - +0 leather armour
rPois   .          Reflect  .   w - +1 helmet
rElec   .          Harm     .   B - +1 cloak
rCorr   .          Rampage  .   (no gloves)
Will    .....                   (no boots)
Stlth   ++........              (no amulet)
HPRegen 0.14/turn               k - ring of magical power
MPRegen 0.21/turn               (no ring)

@: no status effects
A: no striking features
a: Renounce Religion


You were on level 6 of the Dungeon.
You worshipped Vehumet.
Vehumet was noncommittal.
You visited 2 branches of the dungeon, and saw 8 of its levels.

You collected 334 gold pieces.


   Skills:
 + Level 1.0 Fighting
 + Level 2.7 Armour
 + Level 3.2 Dodging
 + Level 4.7 Stealth
 + Level 7.2 Spellcasting
 + Level 8.5 Conjurations
 * Level 4.3 Translocations
 * Level 3.6 Air Magic


You had 10 spell levels left.
You knew the following spells:

 Your Spells              Type           Power      Damage    Failure   Level
a - Magic Dart            Conj           100%       1d8       1%          1
b - Searing Ray           Conj           100%       2d8       1%          2
c - Iskenderun's Mystic   Conj/Tloc      42%        2d10      8%          4
d - Airstrike             Air            14%        N/A       24%         4

Your spell library contained the following spells:

 Spells                   Type           Power      Damage    Failure   Level
 Shock                    Conj/Air       100%       1d9       1%          1
 Static Discharge         Conj/Air       41%        N/A       1%          2
 Dazzling Flash           Conj/Hex       62%        N/A       5%          3
 Swiftness                Air            28%        N/A       7%          3
 Ensorcelled Hibernation  Hex/Ice        18%        N/A       16%         2
 Passwall                 Tmut/Erth      7%         N/A       16%         2
 Fulminant Prism          Conj/Hex       15%        3d11      19%         4
 Sticky Flame             Conj/Fire      31%        2d5       19%         4
 Dispel Undead            Necr           9%         3d8       71%         4

Inventory:

Hand Weapons
 b - a +0 club {mace}
   (You took it off a goblin on level 1 of the Dungeon)
 d - a +0 spear {polearm}
   (You found it on level 1 of the Dungeon)
 e - a +0 short sword of protection {short}
   (You took it off a kobold on level 1 of the Dungeon)
 j - a +0 trident {polearm}
   (You found it on level 2 of the Dungeon)
 u - a +2 short sword of venom (weapon) {short}
   (You took it off a kobold on level 4 of the Dungeon)
 z - a +3 hand axe {axe}
   (You took it off an orc on level 5 of the Dungeon)
 A - a +0 long sword {long}
   (You found it on level 6 of the Dungeon)
Missiles
 l - 4 poisoned darts {throwing}
Armour
 q - a +0 leather armour (worn)
   (You took it off a goblin on level 3 of the Dungeon)
 w - a +1 helmet (worn)
   (You found it on level 5 of the Dungeon)
 B - a +1 cloak (worn)
   (You found it on level 6 of the Dungeon)
Jewellery
 h - a ring of fire
   (You found it on level 1 of the Dungeon)
 k - a ring of magical power (left hand)
   (You found it on level 2 of the Dungeon)
Wands
 y - a wand of digging (4)
   (You found it on level 5 of the Dungeon)
Scrolls
 a - a scroll of immolation {unknown}
 c - 3 scrolls of teleportation {@r4}
 f - a scroll of magic mapping {unknown}
 i - a scroll of brand weapon
 p - 3 scrolls of fog {unknown}
 r - a scroll of summoning {unknown}
 s - a scroll of acquirement {unknown}
Potions
 g - 2 potions of haste {@q3}
 m - 5 potions of cancellation
 n - a potion of might
 o - a potion of ambrosia {unknown}
 t - 4 potions of magic
 v - a potion of lignification {unknown}
 x - a potion of invisibility {unknown}

Dungeon Overview and Level Annotations

Branches:
Dungeon (7/15)             Temple (1/1) D:5

Altars:
Ashenzari
Dithmenos
Elyvilon
Fedhas
Gozag
Hepliaklqana
Kikubaaqudgha
Makhleb
Nemelex Xobeh
Okawaru
Qazlal
Ru
Sif Muna
Trog
Uskayaw
Vehumet
Wu Jian
Xom
Yredelemnul
Zin
The Shining One

Annotations:
D:6 Maggie, Pikel

.........# #....)...# .........#
#........##### .........#
#.............
.###################.............
.# ##...##....#............. .#
#..........#......<...... .#
#..........'............. .#
#........K.#........#####
.##############.@###........#
##.....#.....##..######.....#
.......'.....#........#.....#
.......#.....#......<.#.....#####
.......#.....#........#..........
########.....######.###..........
###8## ##......#.##.########.....
##...## #......#...........#.....
#8...8# #......#...........#.....


You could see Pikel (fast).


Message History

Pikel hits you with a +2 whip of flaming.
Pikel burns you.
Pikel barely misses you. 😕 HP[-6] MP[-1]
You take 6 damage, and now have 37/43 hp.
You lost 1 mp, and now have 21/29 mp.
Casting: Searing Ray (safe; 1% risk of failure)
Confirm with . or Enter, or press ? or * to list all spells.
Okay, then.
Casting: Searing Ray (safe; 1% risk of failure)
Confirm with . or Enter, or press ? or * to list all spells.
The spell is quite dangerous to miscast (8% risk of failure)!
Continue anyway?
You miscast Iskenderun's Mystic Blast.
You are very lightly contaminated with residual magic.
Nothing appears to happen.
Pikel cracks his whip.
Pikel hits you with a +2 whip of flaming!
Pikel burns you. 😮 HP[-10] MP[-3]
You take 10 damage, and now have 27/43 hp.
MASSIVE DAMAGE!! (PAUSE)
You lost 3 mp, and now have 18/29 mp.
Casting: Iskenderun's Mystic Blast (quite dangerous; 8% risk of failure)
Confirm with . or Enter, or press ? or * to list all spells.
Aiming: Searing Ray (safe; 1% risk of failure)
Press: ? - help, Shift-Dir - straight line, f/p - Pikel
Aim: Pikel, wielding a +2 whip of flaming and wearing a +0 robe (moderately wounded, fast, 79% to hit)
The searing ray misses Pikel.
The searing ray misses the lemure. (Press . to maintain the ray.) Pikel misses you.
Pikel hits you with a +2 whip of flaming.
Pikel burns you. 😮 HP[-5] MP[-2]
You take 5 damage, and now have 22/43 hp.
You lost 2 mp, and now have 16/29 mp.
The searing ray misses Pikel.
The searing ray hits the lemure!
You kill the lemure!
That felt strangely unrewarding.
Pikel hits you with a +2 whip of flaming.
* * * LOW HITPOINT WARNING * * *
Pikel burns you.
* * * LOW HITPOINT WARNING * * *
😨 HP[-3] MP[-1]
You take 3 damage, and now have 19/43 hp.
You lost 1 mp, and now have 15/29 mp.
The searing ray misses Pikel.
Pikel hits you but does no damage.
Pikel hits you with a +2 whip of flaming.
* * * LOW HITPOINT WARNING * * *
Pikel burns you.
* * * LOW HITPOINT WARNING * * *
😨 HP[-4] MP[-1]
You take 4 damage, and now have 15/43 hp.
You lost 1 mp, and now have 14/29 mp.
The searing ray hits Pikel!
You finish channelling your searing ray.
Pikel barely misses you. 😨 MP[-1]
You lost 1 mp, and now have 13/29 mp.
Casting: Searing Ray (safe; 1% risk of failure)
Confirm with . or Enter, or press ? or * to list all spells.
The spell is quite dangerous to miscast (8% risk of failure)!
Continue anyway?
You erupt in a blast of force!
The mystic blast hits Pikel!
Pikel is knocked back by the mystic blast. 😨 MP[-3]
You lost 3 mp, and now have 10/29 mp.
Casting: Iskenderun's Mystic Blast (quite dangerous; 8% risk of failure)
Confirm with . or Enter, or press ? or * to list all spells.
Aiming: Searing Ray (safe; 1% risk of failure)
Press: ? - help, Shift-Dir - straight line, f/p - Pikel
Aim: Pikel, wielding a +2 whip of flaming and wearing a +0 robe (severely wounded, fast, 79% to hit)
The searing ray hits Pikel but does no damage. (Press . to maintain the ray.) 😨 HP[+1] MP[-2]
You lost 2 mp, and now have 8/29 mp.
The searing ray misses Pikel.
Pikel hits you with a +2 whip of flaming!
* * * LOW HITPOINT WARNING * * *
Pikel burns you.
* * * LOW HITPOINT WARNING * * *
Pikel barely misses you.
Your magical contamination has completely faded away. 😱 HP[-8] MP[-1]
You take 8 damage, and now have 8/43 hp.
You lost 1 mp, and now have 7/29 mp.
The searing ray hits Pikel.
Pikel hits you with a +2 whip of flaming.
* * * LOW HITPOINT WARNING * * *
Pikel burns you.
* * * LOW HITPOINT WARNING * * *
😱 HP[-5] MP[-1]
You take 5 damage, and now have 3/43 hp.
You lost 1 mp, and now have 6/29 mp.
Okay, then.
Pikel hits you with a +2 whip of flaming.
* * * LOW HITPOINT WARNING * * *
Pikel burns you.
* * * LOW HITPOINT WARNING * * *
😱 HP[-2]
You take 2 damage, and now have 1/43 hp.
Pikel hits you with a +2 whip of flaming!
You die...

Skill      XL: |  1  2  3  4  5  6  7  8 |
---------------+-------------------------+-----
Conjurations   | 5 6 7 8 |  8.5
Translocations | 1 2 3 4 |  4.3
Spellcasting   | 4 5 7 |  7.2
Stealth        | 3 4 |  4.7
Air Magic      | 1 2 3 |  3.6
Armour         | 1 2 |  2.7
Dodging        | 3 |  3.2
Fighting       | 1 |  1.0

Action                   |  1- 3 |  4- 6 |  7- 9 || total
-------------------------+-------+-------+-------++-------
 Cast: Magic Dart        |    47 |    50 |    39 ||   136
       Searing Ray       |    11 |    29 |    31 ||    71
       Iskenderun's Myst |       |       |     1 ||     1
  Use: Scroll            |     1 |     6 |     2 ||     9
Armor: Leather armour    |       |     3 |    21 ||    24
Dodge: Dodged            |     2 |     4 |    13 ||    19

Levels and vault maps discovered:
D:1:      lightli_arrival_chessboard, layout_rooms
D:2:      layout_loops_ring, basic_altar
D:3:      layout_loops_cross
D:4:      layout_cave_pods
D:5:      layout_loops_cross, fiery_altar_vehumet,
          minmay_temple_entry_mini_moons
D:6:      layout_gridville, nzn_wu_jian_council_hall, uniq_grinder,
          uniq_menkaure, uniq_maggie, uniq_pikel
D:7:      layout_cave_pools
Temple:   mainiacjoe_temple_bowtie_tessellation

Notes
Turn   | Place    | Note
-------+----------+-------------------------------------------
     0 | D:1      | mortz the Deep Elf Conjurer began the quest for the Orb.
     0 | D:1      | Reached XP level 1. HP: 10/10 MP: 6/6
     0 | D:1      | magus.rc [v1.9.6]
   198 | D:1      | Reached XP level 2. HP: 15/15 MP: 6/8
   201 | D:1      | Learned a level 2 spell: Searing Ray
   781 | D:2      | Reached skill level 5 in Conjurations
   835 | D:2      | Reached XP level 3. HP: 19/19 MP: 8/10
  1207 | D:2      | You pick up a book of Air and begin reading...
  1207 | D:2      | You add the spells Shock, Swiftness and Airstrike to your
                  | library.
  1542 | D:2      | Found a shimmering altar of Xom.
  1603 | D:2      | Reached skill level 1 in Translocations
  1603 | D:2      | Reached XP level 4. HP: 24/24 MP: 11/11
  1787 | D:3      | Reached skill level 4 in Spellcasting
  2184 | D:3      | Reached skill level 3 in Stealth
  2184 | D:3      | Reached XP level 5. HP: 28/28 MP: 13/13
  2421 | D:3      | Reached skill level 6 in Conjurations
  2556 | D:3      | Reached skill level 1 in Air Magic
  2974 | D:4      | Noticed a necrophage
  3088 | D:4      | Reached XP level 6. HP: 32/32 MP: 14/14
  3180 | D:4      | Reached skill level 4 in Stealth
  3282 | D:4      | Reached skill level 2 in Translocations
  3460 | D:4      | You fall into a shaft and drop 3 floors!
  3465 | D:7      | Reached skill level 7 in Conjurations
  3530 | D:7      | You pick up a book of Touch and begin reading...
  3530 | D:7      | You add the spells Static Discharge, Sticky Flame and
                  | Dispel Undead to your library.
  3560 | D:6      | Learned a level 4 spell: Iskenderun's Mystic Blast
  3565 | D:6      | Learned a level 4 spell: Airstrike
  3656 | D:5      | Entered Level 5 of the Dungeon
  3694 | D:5      | Reached skill level 1 in Armour
  3694 | D:5      | Reached skill level 5 in Spellcasting
  3694 | D:5      | Reached XP level 7. HP: 36/36 MP: 16/16
  3866 | D:4      | magus.rc [v1.9.6]
  4097 | D:4      | Reached skill level 2 in Air Magic
  4396 | D:5      | Found a staircase to the Ecumenical Temple.
  4405 | Temple   | Entered the Ecumenical Temple
  4672 | D:5      | Reached skill level 3 in Translocations
  4772 | D:5      | Found a radiant altar of Vehumet.
  4858 | D:5      | Became a worshipper of Vehumet
  5001 | D:5      | You pick up a book of Burglary and begin reading...
  5001 | D:5      | You add the spells Passwall and Ensorcelled Hibernation to
                  | your library.
  5047 | D:5      | Reached XP level 8. HP: 38/41 MP: 18/18
  5227 | D:5      | Reached skill level 6 in Spellcasting
  5508 | D:6      | Found an ornate altar of the Wu Jian Council.
  5576 | D:6      | Reached skill level 8 in Conjurations
  5623 | D:6      | Noticed Maggie
  5788 | D:6      | Reached skill level 2 in Armour
  5788 | D:6      | Reached skill level 3 in Dodging
  5788 | D:6      | Reached skill level 4 in Translocations
  5788 | D:6      | Reached skill level 3 in Air Magic
  5963 | D:6      | Noticed Grinder
  5967 | D:6      | Paralysed by Grinder for 4 turns
  5975 | D:6      | Killed Grinder
  5976 | D:6      | Reached skill level 1 in Fighting
  5976 | D:6      | Reached skill level 7 in Spellcasting
  6137 | D:6      | Noticed Menkaure
  6344 | D:6      | Killed Menkaure
  6470 | D:6      | Noticed Pikel
  6624 | D:6      | HP: 9/43 [Pikel/+2 whip of flaming (7)]
  6625 | D:6      | HP: 4/43 [Pikel/+2 whip of flaming (4)]
  6626 | D:6      | HP: 1/43 [Pikel/+2 whip of flaming (1)]
  6627 | D:6      | Mangled by Pikel

Vanquished Creatures
  Grinder (D:6)
  Menkaure (D:6)
  An ogre (D:5)
  A necrophage (D:4)
  3 phantoms (D:5)
  4 lemures (D:6)
  4 scorpions
  A water moccasin skeleton (D:4)
  2 centaur zombies (D:6)
  4 hounds
  4 iguanas
  2 orc wizards (D:3)
  4 gnolls (D:3)
  8 adders
  A white imp (D:5)
  4 worms
  4 dart slugs
  6 orcs
  9 bats
  5 endoplasms
  7 hobgoblins
  A quokka (D:1)
  8 ball pythons
  2 frilled lizards
  11 goblins
  A jackal skeleton (D:4)
  10 kobolds
  6 rats
115 creatures vanquished.

Table legend:
 A = Non-vault XP
 B = Vault XP
 C = Vault XP percentage of total XP
 D = Non-vault monster count
 E = Vault monster count
 F = Vault count percentage of total count
                 A         B        C        D         E       F
            +---------+---------+-------+---------+---------+-------
      Total |    2171 |     439 |  16.8 |     109 |       2 |   1.8
            +---------+---------+-------+---------+---------+-------
        D:1 |      31 |       0 |   0.0 |      21 |       0 |   0.0
        D:2 |      89 |       0 |   0.0 |      22 |       0 |   0.0
        D:3 |     169 |       0 |   0.0 |      23 |       0 |   0.0
        D:4 |     565 |       0 |   0.0 |      26 |       0 |   0.0
        D:5 |     623 |       0 |   0.0 |      11 |       0 |   0.0
        D:6 |     651 |     439 |  40.3 |       5 |       2 |  28.6
        D:7 |      43 |       0 |   0.0 |       1 |       0 |   0.0
            +---------+---------+-------+---------+---------+-------

Illustrated notes

Table legend:
 A = Kills in this place as a percentage of kills in entire the game.
 B = Kills by you in this place as a percentage of kills by you in the entire game.
 C = Kills by friends in this place as a percentage of kills by friends in the entire game.
 D = Other kills in this place as a percentage of other kills in the entire game.
 E = Experience gained in this place as a percentage of experience gained in the entire game.
 F = Experience gained in this place divided by the number of levels of this place that you have seen.
                   A       B       C       D       E      F
               +-------+-------+-------+-------+-------+----------------------
         Total | 100.0 | 100.0 |   N/A |   N/A | 100.0 | 326.2
       Dungeon | 100.0 | 100.0 |   N/A |   N/A | 100.0 | 372.9
               +-------+-------+-------+-------+-------+----------------------

Table legend: (Time is in decaauts)
 A = Elapsed time spent in this place.
 B = Non-inter-level travel time spent in this place.
 C = Inter-level travel time spent in this place.
 D = Time resting spent in this place.
 E = Time spent auto-exploring this place.
 F = Levels seen in this place.
 G = Mean time per level.
                   A        B        C        D        E       F      G
               +--------+--------+--------+--------+--------+-----+--------+
         Total |   6629 |   6307 |    322 |    561 |   4818 |   8 |  828.6 |
       Dungeon |   6403 |   6101 |    302 |    561 |   4628 |   7 |  914.7 |
        Temple |    225 |    205 |     20 |      0 |    190 |   1 |  225.0 |
               +--------+--------+--------+--------+--------+-----+--------+

Top non-repeatable levels by time:
     D:6: 1272 daAuts
     D:4: 1199 daAuts
     D:3: 1056 daAuts
     D:5: 1042 daAuts
     D:2: 1028 daAuts
     D:1: 726 daAuts
  Temple: 225 daAuts
     D:7: 77 daAuts
